AoeStats
← 10GS | Irænko

Arabia

509656095Analyzed
1v1 RM · 5d ago on Sep 27, 2026· 34m 26s· 2 players
Game mode
Random Map
Map size
Tiny (2 player)
Population
200
Speed
Normal
Resources
Standard
Victory
Conquest
Starting age
Dark Age
Ending age
Imperial Age
RankedLock teamsTeams togetherTeam positionsShared explorationLock speedFull tech treeHidden civsTurbo modeCheats
Victory
Defeat
🇲🇽 Vikings · Mexico
977
+16
🇨🇱 Mapuche · Chile
985
-16
hidalGGO_36
11:55 Feudal Age
10:11 Loom
12:07 Man-at-Arms
13:34 Double-Bit Axe
28:36 Castle Age
31:22 Fletching
33:51 Forging
10GS | Irænko
5:20 Loom
9:45 Feudal Age
12:03 Horse Collar
12:08 Double-Bit Axe
13:49 Champi Runner
15:23 Forging
22:03 Town Watch
24:16 Horse Collar
24:28 Arson
25:03 Scale Mail Armor
30:47 Castle Age
31:50 Wheelbarrow
31:42 Stone Mining
32:04 Bow Saw
31:57 Heavy Plow
32:18 Gold Mining
Connection lost

Rejoining the realm…

Still unreachable

The connection could not be restored.

Session expired

The server has moved on; the page needs a fresh start.